[Event "Titled Tuesday Blitz April 19 Late 2022"]
[White "Ozdemir, Serhan Berat"]
[Black "Arnold, Ken"]
[WhiteFideId "6374611"]
[BlackFideId "2056836"]
[WhiteElo "1920"]
[BlackElo "2133"]
[Result "1-0"]
[Round "08"]
[TimeControl "180+1"]
[Date "2022.04.19"]
[WhiteClock "0:00:42"]
[BlackClock "0:00:02"]

1. e4 c6 2. d4 d5 3. exd5 cxd5 4. c4 Nf6 5. Nc3 Nc6 6. Bg5 e6 7. Nf3 Be7 8. Bd3 h6 9. Be3 Nb4 10. cxd5 Nxd3+ 11. Qxd3 Nxd5 12. Ne5 O-O 13. O-O Bf6 14. Rad1 Bxe5 15. dxe5 Qc7 16. Nxd5 exd5 17. Qxd5 Be6 18. Qc5 Qxc5 19. Bxc5 Rfc8 20. Rc1 Bxa2 21. Bd6 b5 22. f4 Bc4 23. Rfe1 a5 24. Kf2 a4 25. Ke3 Rc6 26. g4 f6 27. Ke4 fxe5 28. fxe5 Rac8 29. Rc3 Be6 30. Rxc6 Rxc6 31. h3 Rc4+ 32. Kd3 b4 33. Rf1 Kh7 34. Rf8 h5 35. gxh5 Rh4 36. Re8 Bxh3 37. e6 Bf5+ 38. Ke3 Re4+ 39. Kf3 Rxe6 40. Rd8 Re4 41. Rb8 b3 42. Bf4 Rc4 43. Be5 Bg4+ 44. Ke3 Bxh5 45. Rb7 Rg4 46. Bd4 1-0


[Site "https://www.chess.com"]

[Event "Titled Tuesday Blitz April 19 Late 2022"]
[White "Paravyan, David"]
[Black "Ibarra Jerez, Jose Carlos"]
[WhiteFideId "4194985"]
[BlackFideId "2226332"]
[WhiteElo "2569"]
[BlackElo "2626"]
[Result "1-0"]
[Round "08"]
[TimeControl "180+1"]
[Date "2022.04.19"]
[WhiteClock "0:00:10"]
[BlackClock "0:00:02"]

1. e4 c5 2. Nf3 Nc6 3. d4 cxd4 4. Nxd4 Qb6 5. Nb3 Nf6 6. Nc3 e6 7. Bd3 a6 8. O-O Qc7 9. f4 d6 10. Kh1 h5 11. a4 b6 12. Be3 Bb7 13. Qe2 Be7 14. Bg1 h4 15. Rf3 g6 16. Rh3 Nh5 17. Rf1 Nf6 18. Qf2 Nd7 19. f5 Nce5 20. Nd4 gxf5 21. exf5 Rg8 22. Be4 Nc5 23. Bxb7 Qxb7 24. fxe6 fxe6 25. b4 Ne4 26. Nxe4 Qxe4 27. Nxe6 Kd7 28. Nf4 Raf8 29. Re3 Qc4 30. h3 Bg5 31. Bh2 Ng6 32. Rf3 Ne5 33. Qxb6 Nxf3 34. Qb7+ Kd8 35. Qxf3 Bxf4 36. Bxf4 Kc7 37. b5 Rf5 38. Bxd6+ Kxd6 39. Qxf5 Qd5 40. Qxd5+ Kxd5 41. bxa6 Rf8 42. Rxf8 1-0


[Site "https://www.chess.com"]

[Event "Titled Tuesday Blitz April 19 Late 2022"]
[White "Petrovskyi, Vadym"]
[Black "Kozak, Adam"]
[WhiteFideId "14165210"]
[BlackFideId "753246"]
[WhiteElo "2400"]
[BlackElo "2459"]
[Result "0-1"]
[Round "08"]
[TimeControl "180+1"]
[Date "2022.04.19"]
[WhiteClock "0:01:16"]
[BlackClock "0:01:52"]

1. e4 c5 2. Nf3 Nf6 3. e5 Nd5 4. Nc3 Nxc3 5. dxc3 Nc6 6. Bf4 Qb6 7. Rb1 f6 8. Bc4 g5 9. Bg3 g4 10. exf6 gxf3 11. Qxf3 Na5 12. f7+ Kd8 13. Be5 Nxc4 14. Bxh8 Qe6+ 15. Kd1 Qd6+ 16. Qd3 Qxd3+ 17. cxd3 Nd6 18. Be5 Nxf7 19. Bf4 d6 20. h3 Bf5 21. Kd2 c4 22. dxc4 Bxb1 23. Rxb1 Rc8 24. b3 Kd7 25. Kd3 a6 26. a4 Bg7 27. g4 Nd8 28. Bd2 e5 29. Ke4 Ne6 30. Rd1 Nc5+ 31. Kf5 Rf8+ 32. Kg5 Ne4+ 33. Kh5 Rxf2 34. Be1 Rf3 35. c5 Nxc5 36. Bh4 Ne4 37. b4 Rxh3 38. c4 Ke6 39. c5 d5 40. b5 Ng3+ 41. Kg5 Bf6+ 42. Kh6 Rxh4# 0-1


[Site "https://www.chess.com"]

[Event "Titled Tuesday Blitz April 19 Late 2022"]
[White "Piliczewski, Bogusz"]
[Black "Lopez Idarraga, Daniel Eduardo"]
[WhiteFideId "1104144"]
[BlackFideId "4405501"]
[WhiteElo "1896"]
[BlackElo "2055"]
[Result "0-1"]
[Round "08"]
[TimeControl "180+1"]
[Date "2022.04.19"]
[WhiteClock "0:00:01"]
[BlackClock "0:01:40"]

1. d4 d5 2. Nf3 Nf6 3. Bf4 c5 4. c3 cxd4 5. cxd4 Nc6 6. Nc3 Bf5 7. e3 e6 8. Bb5 Bd6 9. Ne5 Rc8 10. Qa4 Bxe5 11. dxe5 Ne4 12. Nxe4 Bxe4 13. Qxa7 O-O 14. Bxc6 bxc6 15. O-O c5 16. Qa4 c4 17. Qd1 Qb6 18. Qd2 Rb8 19. f3 Bd3 20. Rf2 Rb7 21. b3 Ra8 22. h4 h6 23. Kh2 Bg6 24. bxc4 dxc4 25. Rc1 Bd3 26. g4 Qa5 27. Qxa5 Rxa5 28. h5 Rba7 29. Ra1 Ra3 30. g5 hxg5 31. Bxg5 c3 32. Rg2 c2 33. Bf6 Rxa2 34. Rag1 c1=Q 0-1


[Site "https://www.chess.com"]

[Event "Titled Tuesday Blitz April 19 Late 2022"]
[White "Przybylski, Wojciech"]
[Black "Yoo, Christopher Woojin"]
[WhiteFideId "1117599"]
[BlackFideId "30909694"]
[WhiteElo "2488"]
[BlackElo "2880"]
[Result "0-1"]
[Round "08"]
[TimeControl "180+1"]
[Date "2022.04.19"]
[WhiteClock "0:00:01"]
[BlackClock "0:01:27"]

1. e4 c6 2. d4 d5 3. e5 Bf5 4. Nf3 e6 5. Be2 Ne7 6. O-O c5 7. c4 Nbc6 8. cxd5 Nxd5 9. Nc3 Be7 10. Qb3 cxd4 11. Qxb7 Ndb4 12. Bb5 O-O 13. Bxc6 Rb8 14. Qd7 dxc3 15. bxc3 Nc2 16. Be3 Nxa1 17. Rxa1 Qxd7 18. Bxd7 Rfd8 19. Ba4 Rdc8 20. Bd4 Bc5 21. Bb3 Be4 22. h3 Bxd4 23. cxd4 Bc2 24. Nd2 a5 25. Bc4 Rb4 26. Ba6 Ra8 27. Bc4 Rc8 28. Ba6 Rc6 29. Be2 Rxd4 30. Nf3 Rb4 31. Kh2 Rb1 32. Rxb1 Bxb1 33. a4 Rc5 34. Bb5 Be4 35. Nd2 Bd5 36. f4 Rc2 37. Nf1 Rxg2+ 0-1


[Site "https://www.chess.com"]

[Event "Titled Tuesday Blitz April 19 Late 2022"]
[White "Ricaurte Lopez, Juan Carlos"]
[Black "Novikova, Galina"]
[WhiteFideId "3600327"]
[BlackFideId "4157095"]
[WhiteElo "2209"]
[BlackElo "1863"]
[Result "0-1"]
[Round "08"]
[TimeControl "180+1"]
[Date "2022.04.19"]
[WhiteClock "0:00:20"]
[BlackClock "0:01:04"]

1. e4 e6 2. d4 d5 3. exd5 exd5 4. Nf3 Nc6 5. c4 Nf6 6. Nc3 Bg4 7. cxd5 Nxd5 8. Bb5 Be7 9. O-O O-O 10. Bxc6 bxc6 11. h3 Bh5 12. g4 Bg6 13. Ne5 Nxc3 14. bxc3 c5 15. Be3 cxd4 16. cxd4 Be4 17. f4 Rb8 18. Qd2 Ba8 19. Rac1 Qd5 20. Kh2 Bf6 21. Rc5 Qe4 22. Nd7 Rfe8 23. Nxb8 Rxb8 24. Rxc7 h6 25. Rc5 Re8 26. Re5 Bxe5 27. fxe5 Rc8 28. Qf2 Rc2 29. Bd2 Bd5 30. Rc1 Rxc1 31. Bxc1 Qh1+ 0-1


[Site "https://www.chess.com"]

[Event "Titled Tuesday Blitz April 19 Late 2022"]
[White "Romanchuk, Viktor"]
[Black "Sarkar, Justin"]
[WhiteFideId "14109271"]
[BlackFideId "2010011"]
[WhiteElo "2242"]
[BlackElo "2038"]
[Result "1-0"]
[Round "08"]
[TimeControl "180+1"]
[Date "2022.04.19"]
[WhiteClock "0:00:11"]
[BlackClock "0:00:01"]

1. d4 e6 2. c4 f5 3. g3 Nf6 4. Bg2 d5 5. Nf3 Be7 6. O-O O-O 7. b3 c6 8. Bf4 Ne4 9. Qc2 Nd7 10. Nbd2 g5 11. Be5 g4 12. Ne1 Nxe5 13. dxe5 Nxd2 14. Qxd2 dxc4 15. Qc3 cxb3 16. axb3 Qb6 17. Nd3 Bd7 18. e4 Rad8 19. Qc4 Bc8 20. exf5 Rd4 21. Qc2 exf5 22. Nf4 Bg5 23. Ne2 Rd2 24. Qc4+ Kh8 25. Rad1 Qd8 26. Rxd2 Qxd2 27. Nf4 Bxf4 28. gxf4 Qd8 29. Qc5 a6 30. Qc2 Qe7 31. Rd1 Rd8 32. Bf1 Rxd1 33. Qxd1 Be6 34. b4 Kg7 35. Qd4 Kf7 36. Bd3 Ke8 37. Kg2 Qd7 38. Qxd7+ Kxd7 39. Kg3 c5 40. bxc5 Kc6 41. Kh4 Kxc5 42. Kg5 b5 43. Bxf5 Bxf5 44. Kxf5 b4 45. e6 Kd6 46. Kf6 b3 47. e7 b2 48. e8=Q b1=Q 49. Qe6+ Kc5 50. Qxg4 a5 51. Qc8+ Kd4 52. Qd8+ Ke4 53. Qxa5 Kxf4 54. Qg5+ Kf3 55. Qg3+ Ke2 56. f4 Qb6+ 57. Kg7 Qc7+ 58. Kh6 Qf7 59. Qg4+ Ke3 60. f5 Qf6+ 61. Kh5 Qf7+ 62. Kh4 1-0


[Site "https://www.chess.com"]

[Event "Titled Tuesday Blitz April 19 Late 2022"]
[White "Romero Ruscalleda, Josep"]
[Black "Vusatiuk, Vladimir"]
[WhiteFideId "2231859"]
[BlackFideId "14118610"]
[WhiteElo "2296"]
[BlackElo "2157"]
[Result "0-1"]
[Round "08"]
[TimeControl "180+1"]
[Date "2022.04.19"]
[WhiteClock "0:00:03"]
[BlackClock "0:00:03"]

1. e4 Nc6 2. d4 d5 3. exd5 Qxd5 4. Be3 e5 5. Nf3 Bg4 6. Be2 O-O-O 7. Nc3 Bb4 8. O-O Bxc3 9. bxc3 Nf6 10. c4 Qe4 11. d5 Bxf3 12. gxf3 Qh4 13. Qd3 e4 14. fxe4 Ne5 15. Qa3 Qxe4 16. Qxa7 Nxc4 17. Qa8+ Kd7 18. Qa4+ Kc8 19. Qxc4 Qxd5 20. Rad1 Qa5 21. Qxf7 Rde8 22. Rd3 Rhf8 23. Qb3 Ne4 24. Bg4+ Kb8 25. Rb1 b6 26. Qd5 Qxd5 27. Rxd5 Nc3 28. Rbd1 Nxd1 29. Rxd1 Rd8 30. Rb1 Rd6 31. c4 Rg6 32. h3 h5 33. c5 hxg4 34. hxg4 Rxg4+ 35. Kf1 Rg6 36. cxb6 cxb6 37. Bxb6 Kc8 38. Be3 Rf7 39. a4 Ra6 40. Rb4 Rb7 41. Rc4+ Kd7 42. Bd2 Rb1+ 43. Ke2 Ra1 44. a5 Ke6 45. Rg4 Kf5 46. Rxg7 Ra2 47. Rf7+ Ke6 0-1


[Site "https://www.chess.com"]

[Event "Titled Tuesday Blitz April 19 Late 2022"]
[White "Rosen, Eric"]
[Black "Lopez, Henry"]
[WhiteFideId "2032562"]
[BlackFideId "5203830"]
[WhiteElo "2362"]
[BlackElo "2177"]
[Result "1-0"]
[Round "08"]
[TimeControl "180+1"]
[Date "2022.04.19"]
[WhiteClock "0:00:03"]
[BlackClock "0:00:01"]

1. e4 c5 2. Nf3 d6 3. Nc3 a6 4. e5 dxe5 5. Nxe5 Nf6 6. g3 e6 7. Bg2 Bd6 8. Nc4 Be7 9. a4 Nc6 10. a5 O-O 11. O-O Rb8 12. d3 Nd5 13. Bd2 Bf6 14. Ne4 Be7 15. Re1 e5 16. Qf3 Be6 17. c3 Qd7 18. Ng5 Bxg5 19. Bxg5 f6 20. Bd2 Rbd8 21. Ne3 Nde7 22. Bf1 c4 23. d4 exd4 24. cxd4 Nxd4 25. Qg2 Nb3 26. Bc3 Nxa1 27. Rxa1 Nd5 28. Rd1 Nxe3 29. Rxd7 Nxg2 30. Rxd8 Rxd8 31. Kxg2 Bd5+ 32. f3 Kf7 33. Kf2 Re8 34. Be2 Ke6 35. f4 Kd7 36. Bg4+ Kc6 37. Bf5 g6 38. Bc2 Kb5 39. h4 f5 40. Bd1 Be4 41. Be2 Bd3 42. Bf3 Re7 43. h5 Be4 44. Be2 Rd7 45. hxg6 hxg6 46. Ke3 Bd3 47. Bf3 Re7+ 48. Kf2 Be4 49. Be2 Bd3 50. Bf3 Rh7 51. Kg2 Rd7 52. Kf2 Re7 53. Bd5 Be4 54. Bg8 Bc2 55. Bf6 Re8 56. Bh7 Bd3 57. Bc3 Re2+ 58. Kf3 Re6 59. Bg8 Re7 60. Kf2 Re2+ 61. Kf3 Re7 62. Bd5 Re2 63. Bxb7 1-0


[Site "https://www.chess.com"]

[Event "Titled Tuesday Blitz April 19 Late 2022"]
[White "Salem, A.R. Saleh"]
[Black "Ahmadzada, Ahmad"]
[WhiteFideId "9301348"]
[BlackFideId "13413007"]
[WhiteElo "2657"]
[BlackElo "2228"]
[Result "0-1"]
[Round "08"]
[TimeControl "180+1"]
[Date "2022.04.19"]
[WhiteClock "0:00:16"]
[BlackClock "0:00:21"]

1. Nf3 Nf6 2. g3 b6 3. Bg2 Bb7 4. O-O c5 5. a4 a6 6. d3 e6 7. e4 d5 8. e5 Nfd7 9. Bf4 Nc6 10. c4 Nb4 11. Nc3 Be7 12. h4 O-O 13. Qe2 Nb8 14. d4 dxc4 15. Qxc4 cxd4 16. Nxd4 Bxg2 17. Kxg2 Qc8 18. Qe2 N8c6 19. Nf3 Rd8 20. Rad1 Qb7 21. Qe4 h6 22. g4 Na5 23. h5 Qxe4 24. Nxe4 Nd3 25. Kg3 Nxb2 26. Rb1 Nxa4 27. g5 hxg5 28. Bxg5 Bxg5 29. Nfxg5 Nc4 30. Nf3 Rd3 31. Kf4 Nc3 32. h6 Nxe4 33. Kxe4 Rxf3 0-1


[Site "https://www.chess.com"]

[Event "Titled Tuesday Blitz April 19 Late 2022"]
[White "Sanchez Alvares, Kelvin Antonio"]
[Black "Kohler, Aran"]
[WhiteFideId "3906680"]
[BlackFideId "1002856"]
[WhiteElo "2193"]
[BlackElo "2294"]
[Result "1-0"]
[Round "08"]
[TimeControl "180+1"]
[Date "2022.04.19"]
[WhiteClock "0:00:15"]
[BlackClock "0:00:02"]

1. e4 c6 2. d4 d5 3. e5 c5 4. dxc5 e6 5. a3 Bxc5 6. b4 Bb6 7. Qg4 Ne7 8. Bd3 Ng6 9. Nf3 Nc6 10. Bb2 Qc7 11. O-O O-O 12. Re1 Nce7 13. Nbd2 Bd7 14. h4 Nf5 15. h5 Nge7 16. Qh3 Kh8 17. Re2 a6 18. g4 Nh6 19. Kh1 Bb5 20. Nb3 Bxd3 21. cxd3 Rac8 22. Nfd4 Qd7 23. f4 Rc7 24. Rf1 f5 25. exf6 gxf6 26. Nxe6 Rf7 27. Nxc7 Bxc7 28. Rg2 Neg8 29. Nc5 Qc8 30. Qf3 b6 31. Nb3 Qd7 32. Nd4 Bb8 33. g5 Nf5 34. g6 Rg7 35. Nxf5 Qxf5 36. Qg4 Qxd3 37. Rf3 Qd1+ 38. Rg1 Qe2 39. Qg2 Qxg2+ 40. Rxg2 hxg6 41. Rxg6 Rxg6 42. hxg6 Kg7 43. f5 Be5 44. Bxe5 fxe5 45. Rh3 Nf6 46. Kg2 e4 47. Kf2 d4 48. Ke2 d3+ 49. Ke3 Ng4+ 50. Kxe4 Nf2+ 51. Ke3 Nxh3 52. Kxd3 Kf6 53. Kd4 Nf4 54. a4 b5 55. axb5 axb5 56. Kc5 Nd3+ 57. Kxb5 Ne5 58. Kc5 Nd7+ 59. Kd6 Nb6 60. Kc6 Nc4 61. b5 Na5+ 62. Kc7 Nc4 63. b6 Na5 64. b7 Nc4 65. b8=Q Ne3 66. Qf8+ Kg5 67. Qe7+ Kxf5 68. Qxe3 Kxg6 69. Qf4 1-0


[Site "https://www.chess.com"]

[Event "Titled Tuesday Blitz April 19 Late 2022"]
[White "Schekachikhin, Maksim"]
[Black "Hasangatin, Ramil"]
[WhiteFideId "24177830"]
[BlackFideId "4122160"]
[WhiteElo "2230"]
[BlackElo "2375"]
[Result "1-0"]
[Round "08"]
[TimeControl "180+1"]
[Date "2022.04.19"]
[WhiteClock "0:00:06"]
[BlackClock "0:00:05"]

1. d4 Nf6 2. c4 e6 3. Nc3 Bb4 4. e3 Bxc3+ 5. bxc3 O-O 6. Bd3 d6 7. Ne2 Nc6 8. O-O b6 9. e4 Ba6 10. Ng3 Na5 11. Qe2 d5 12. cxd5 Bxd3 13. Qxd3 exd5 14. e5 Ne8 15. f4 c5 16. f5 Qc7 17. f6 cxd4 18. fxg7 Nxg7 19. Bh6 Qxc3 20. Qe2 Ne6 21. Rac1 Qb4 22. Qg4+ Kh8 23. Bxf8 Rxf8 24. Nh5 Nc4 25. Nf6 Qd2 26. Nxd5 Ne3 27. Nxe3 dxe3 28. Rcd1 Qc2 29. Rde1 Qc5 30. Kh1 Rg8 31. Qf3 Rg7 32. Qxe3 Qd5 33. Qf3 Qxa2 34. Rd1 h6 35. Rf2 Qc4 36. Qf6 Kh7 37. h3 Qe4 38. Qf5+ Qxf5 39. Rxf5 Nc5 40. Rd8 Kg6 41. Rf6+ Kg5 42. Ra8 Nd3 43. Rxa7 Nxe5 44. Rxb6 Kf5 45. Kh2 h5 46. Rb5 Ke6 47. Ra6+ Kf5 48. Rh6 Kg5 49. Rh8 f6 50. Kg3 Rd7 51. Rg8+ Kf5 52. Rh8 Rd3+ 53. Kh2 Kg6 54. Rbb8 Rd2 55. Rbg8+ Kf7 56. Rg3 h4 57. Rxh4 Ke6 58. Rf4 Re2 59. h4 Ra2 60. h5 Ra8 61. h6 Rh8 62. Rh4 Kf7 63. Rg7+ Ke6 64. h7 Nf7 65. Rg8 Kf5 66. Kg3 Ke6 67. Rh5 Ke7 68. Kf4 Ke6 69. g3 Ke7 70. Kf5 Nd6+ 71. Kg6 Nf7 72. Rxh8 Nxh8+ 73. Kg7 Nf7 74. h8=Q Nxh8 75. Kxh8 1-0


[Site "https://www.chess.com"]

[Event "Titled Tuesday Blitz April 19 Late 2022"]
[White "Shimanov, Aleksandr"]
[Black "Janaszak, Dawid"]
[WhiteFideId "4198603"]
[BlackFideId "1119206"]
[WhiteElo "2636"]
[BlackElo "2199"]
[Result "1-0"]
[Round "08"]
[TimeControl "180+1"]
[Date "2022.04.19"]
[WhiteClock "0:02:10"]
[BlackClock "0:00:17"]

1. d4 d6 2. Nc3 g6 3. e4 Bg7 4. Be3 a6 5. h4 h6 6. Qd2 b5 7. O-O-O Bb7 8. f3 Nd7 9. Kb1 c5 10. dxc5 Nxc5 11. Nge2 Rc8 12. a3 Nf6 13. Bd4 Ne6 14. Be3 Nd7 15. Nd4 Ne5 16. Nxe6 fxe6 17. Bd4 O-O 18. f4 Nc4 19. Bxc4 Rxc4 20. Bxg7 Kxg7 21. h5 g5 22. fxg5 Qb6 23. gxh6+ Kh7 24. Qg5 Rg8 25. Qxe7+ Kh8 26. Rxd6 Qc5 27. Qf6+ 1-0


[Site "https://www.chess.com"]

[Event "Titled Tuesday Blitz April 19 Late 2022"]
[White "Sjugirov, Sanan"]
[Black "Sarana, Alexey"]
[WhiteFideId "4189302"]
[BlackFideId "24133795"]
[WhiteElo "2602"]
[BlackElo "2666"]
[Result "1-0"]
[Round "08"]
[TimeControl "180+1"]
[Date "2022.04.19"]
[WhiteClock "0:00:24"]
[BlackClock "0:00:18"]

1. e4 c5 2. Nc3 d6 3. Nge2 Nf6 4. g3 Nc6 5. Bg2 e5 6. d3 g6 7. O-O Bg7 8. f4 Nd4 9. f5 gxf5 10. exf5 Nxf5 11. Bg5 h6 12. Bxf6 Bxf6 13. Nd5 Bg7 14. Nec3 Be6 15. Qh5 Nd4 16. Be4 Qg5 17. Nc7+ Kd7 18. Qxg5 hxg5 19. Nxe6 fxe6 20. Rf7+ Kd8 21. Rxg7 d5 22. Bg2 b5 23. Rf1 b4 24. Na4 Rc8 25. Rff7 Nxc2 26. Rd7+ Ke8 27. Rxa7 Nd4 28. Nxc5 Nc6 29. Rab7 Nd4 30. Rbe7+ Kd8 31. Nb7# 1-0


[Site "https://www.chess.com"]

[Event "Titled Tuesday Blitz April 19 Late 2022"]
[White "Skliarov, Viktor"]
[Black "Jarocka, Liwia"]
[WhiteFideId "14106736"]
[BlackFideId "21807558"]
[WhiteElo "2229"]
[BlackElo "1896"]
[Result "1-0"]
[Round "08"]
[TimeControl "180+1"]
[Date "2022.04.19"]
[WhiteClock "0:00:22"]
[BlackClock "0:00:22"]

1. e4 e5 2. Nc3 Nc6 3. Bc4 Nf6 4. d3 Na5 5. Nge2 Nxc4 6. dxc4 Bb4 7. O-O Bxc3 8. Nxc3 O-O 9. c5 d6 10. cxd6 Qxd6 11. Qxd6 cxd6 12. Rd1 Rd8 13. Bg5 Be6 14. Rd2 Kf8 15. Bxf6 gxf6 16. Rad1 Ke7 17. Nb5 Rd7 18. Rxd6 Rxd6 19. Nxd6 b6 20. b3 a5 21. a4 Rd8 22. Nf5+ Bxf5 23. Rxd8 Kxd8 24. exf5 Ke7 25. f3 Kd6 26. Kf2 Kd5 27. Ke3 h6 28. Kd3 Kc5 29. Kc3 Kd5 30. b4 e4 31. fxe4+ Kxe4 32. bxa5 bxa5 33. Kc4 Kxf5 34. Kd5 h5 35. c4 h4 36. c5 h3 37. gxh3 Kg6 38. c6 f5 39. c7 1-0


[Site "https://www.chess.com"]

[Event "Titled Tuesday Blitz April 19 Late 2022"]
[White "Solon, Nathan"]
[Black "Aigner, Michael"]
[WhiteFideId "2017229"]
[BlackFideId "2017288"]
[WhiteElo "2554"]
[BlackElo "2417"]
[Result "1-0"]
[Round "08"]
[TimeControl "180+1"]
[Date "2022.04.19"]
[WhiteClock "0:00:20"]
[BlackClock "0:00:03"]

1. e4 c5 2. d4 cxd4 3. c3 Nf6 4. e5 Nd5 5. Nf3 Nc6 6. Bc4 Nb6 7. Bb3 d6 8. exd6 Qxd6 9. O-O Be6 10. Bxe6 Qxe6 11. Nxd4 Nxd4 12. Qxd4 Rd8 13. Qe3 Qxe3 14. Bxe3 Nc4 15. Bxa7 Nxb2 16. Na3 Na4 17. Rab1 Nxc3 18. Rxb7 e6 19. Nc4 Nxa2 20. Ne5 Be7 21. Nc6 Rd7 22. Rb8+ Bd8 23. Bb6 O-O 24. Bxd8 Nc3 25. Bh4 Rxb8 26. Nxb8 Rd1 27. Rxd1 Nxd1 28. Nc6 f6 29. f4 Kf7 30. Be1 Ne3 31. Kf2 Nd5 32. g3 h5 33. Kf3 Kg6 34. Ke4 Nb6 35. Nd8 e5 36. fxe5 fxe5 37. Kxe5 Nc4+ 38. Kd4 Nd6 39. Ne6 Kf6 40. Nf4 g6 41. Bb4 Nf5+ 42. Ke4 Nh6 43. Bc3+ Kf7 44. Nh3 Ng4 45. Ng5+ Ke7 46. h3 Nh6 47. Kf4 Nf5 48. Nf3 1-0


[Site "https://www.chess.com"]

[Event "Titled Tuesday Blitz April 19 Late 2022"]
[White "Sowa, Ryan"]
[Black "Saldano Dayer, Horacio"]
[WhiteFideId "30901693"]
[BlackFideId "103411"]
[WhiteElo "2627"]
[BlackElo "2506"]
[Result "1-0"]
[Round "08"]
[TimeControl "180+1"]
[Date "2022.04.19"]
[WhiteClock "0:00:07"]
[BlackClock "0:00:16"]

1. Nf3 d6 2. d4 Nf6 3. c4 g6 4. Nc3 Bf5 5. Nh4 Bd7 6. Nf3 Bf5 7. Nh4 Bd7 8. g3 e5 9. Nf3 Nc6 10. Bg2 Bg7 11. O-O O-O 12. d5 Nb8 13. h3 a5 14. Ne1 Na6 15. Nd3 b6 16. e4 Nc5 17. b3 Qc8 18. Nxc5 bxc5 19. Kh2 a4 20. Nxa4 Bxa4 21. bxa4 Qa6 22. Qd3 Qxa4 23. Be3 Nd7 24. Rfb1 Nb6 25. Bf1 f5 26. exf5 gxf5 27. Qd2 Nxc4 28. Bxc4 Qxc4 29. Bh6 f4 30. Bxg7 Kxg7 31. Rc1 Qe4 32. Re1 fxg3+ 33. fxg3 Qg6 34. a4 Rf3 35. Rg1 Raf8 36. Rg2 Rd3 37. Qe1 Rff3 38. a5 Rde3 39. Qg1 Qe4 40. a6 Qxd5 41. a7 Qa8 42. Qb1 Rb3 43. Qa2 h5 44. Qa4 c6 45. Qh4 Kg6 46. Qe7 Rfd3 47. Qe6+ Kg7 48. Rf1 Rf3 49. Ra1 Rbd3 50. Qd7+ Kg6 51. Qc7 h4 52. Qb8 hxg3+ 53. Kh1 Ra3 54. Rxa3 Rxa3 55. Qxa8 Ra1+ 56. Rg1 Ra2 57. Rxg3+ Kf5 58. Qf8+ Ke4 59. Qf3+ Kd4 60. Qd3# 1-0


[Site "https://www.chess.com"]

[Event "Titled Tuesday Blitz April 19 Late 2022"]
[White "Soysal, Serkan"]
[Black "Bilych, Olexiy"]
[WhiteFideId "6349250"]
[BlackFideId "14156504"]
[WhiteElo "2440"]
[BlackElo "2176"]
[Result "0-1"]
[Round "08"]
[TimeControl "180+1"]
[Date "2022.04.19"]
[WhiteClock "0:00:10"]
[BlackClock "0:00:25"]

1. Nf3 d5 2. g3 Nf6 3. Bg2 c5 4. O-O Nc6 5. d4 cxd4 6. Nxd4 e5 7. Nxc6 bxc6 8. c4 Be6 9. Nc3 Rc8 10. Qa4 d4 11. Ne4 Nxe4 12. Bxe4 Qd7 13. e3 c5 14. Qc2 f5 15. Bg2 Be7 16. exd4 cxd4 17. b3 O-O 18. Re1 Bf6 19. f3 e4 20. Bb2 d3 21. Qd2 Bxb2 22. Qxb2 d2 23. Red1 e3 24. Qe5 Rcd8 25. Qxe3 f4 26. gxf4 Bf5 27. c5 Rfe8 28. Qf2 Re6 29. Bf1 Kh8 30. Bc4 Rg6+ 31. Kh1 Bc2 32. Qh4 Re8 33. Qf2 Bxd1 34. Rxd1 Qh3 35. Bf1 Re1 36. f5 Rxd1 0-1


[Site "https://www.chess.com"]

[Event "Titled Tuesday Blitz April 19 Late 2022"]
[White "Stanisz, Patryk"]
[Black "Winkels, Marcel"]
[WhiteFideId "1123106"]
[BlackFideId "1003887"]
[WhiteElo "1833"]
[BlackElo "1900"]
[Result "1-0"]
[Round "08"]
[TimeControl "180+1"]
[Date "2022.04.19"]
[WhiteClock "0:00:06"]
[BlackClock "0:00:01"]

1. c4 e5 2. Nc3 Bb4 3. Nd5 Bc5 4. g3 Nf6 5. Bg2 c6 6. Nxf6+ Qxf6 7. e3 d6 8. Ne2 O-O 9. O-O Bg4 10. Rb1 Qf5 11. d3 Qh5 12. f3 Bh3 13. Nc3 Bxg2 14. Kxg2 Qh6 15. d4 Bb6 16. c5 dxc5 17. dxe5 Rd8 18. Qc2 Nd7 19. f4 Qe6 20. Rd1 f6 21. Rd6 Qe7 22. Ne4 fxe5 23. Ng5 Nf6 24. Qc4+ Kf8 25. fxe5 Rxd6 26. exd6 Qd7 27. Ne6+ Ke8 28. Nxc5 Qxd6 29. Ne4 Qd5 30. Qxd5 cxd5 31. Nxf6+ gxf6 32. Bd2 Rc8 33. Kf3 Rc2 34. Bc3 Kf7 35. Rd1 Ke6 36. Rd2 Rc1 37. a3 Rf1+ 38. Kg2 Rf5 39. Bd4 Bxd4 40. exd4 b6 41. Rc2 Kd7 42. Rc1 Rg5 43. Rc2 Rg8 44. Rf2 Ke6 45. Re2+ Kf7 46. Rf2 Rc8 47. Kf3 Rc4 48. Rd2 Ke6 49. Ke3 Kf5 50. Kd3 b5 51. Rf2+ Ke6 52. Re2+ Kd6 53. Re8 Rc7 54. Rf8 Ke6 55. Rb8 a6 56. Rb6+ Kf5 57. Rxa6 h5 58. Rd6 Rc1 59. Rxd5+ Ke6 60. Rxb5 Rh1 61. Rxh5 Rb1 62. b4 Rb3+ 63. Kc4 Rxa3 64. b5 Ra1 65. Kc5 Rc1+ 66. Kb6 Rb1 67. Ka6 Rb4 68. b6 Ra4+ 69. Kb7 Kd6 70. Kc8 Rc4+ 71. Kb8 Rb4 72. b7 Kc6 73. Rc5+ Kb6 74. Kc8 1-0


[Site "https://www.chess.com"]

[Event "Titled Tuesday Blitz April 19 Late 2022"]
[White "Svane, Rasmus"]
[Black "Rytenko, Vsevolod"]
[WhiteFideId "4657101"]
[BlackFideId "14133040"]
[WhiteElo "2645"]
[BlackElo "2120"]
[Result "0-1"]
[Round "08"]
[TimeControl "180+1"]
[Date "2022.04.19"]
[WhiteClock "0:00:01"]
[BlackClock "0:00:08"]

1. Nf3 Nf6 2. g3 c6 3. Bg2 d5 4. O-O Bg4 5. h3 Bxf3 6. Bxf3 Nbd7 7. d3 e6 8. e4 Bd6 9. Nd2 O-O 10. d4 dxe4 11. Nxe4 Nxe4 12. Bxe4 Nf6 13. Bf3 Qb6 14. c3 Rad8 15. Qb3 e5 16. dxe5 Bxe5 17. Be3 Qc7 18. Kg2 Nd5 19. Bxa7 b5 20. Bc5 Rfe8 21. Rad1 Bd6 22. Bxd6 Rxd6 23. Bxd5 cxd5 24. Rxd5 Qc6 25. Qxb5 Qxd5+ 26. Qxd5 Rxd5 27. a4 Rd2 28. b4 Rc2 29. b5 Rxc3 30. b6 Rb3 31. a5 g6 32. Rc1 Ra8 33. Rc5 Kf8 34. Re5 f6 35. Rc5 Ke7 36. Rc7+ Kd6 37. Ra7 Rb8 38. Rxh7 Ra3 39. Ra7 Kc6 40. Rf7 Rxa5 41. Rxf6+ Kc5 42. Rxg6 Rxb6 43. Rg5+ Kb4 44. Rg4+ Kc3 45. Rf4 Kd3 46. h4 Rd5 47. g4 Rd4 48. Rf3+ Ke4 49. h5 Rh6 50. Rf5 Rd1 51. f3+ Ke3 52. Re5+ Kf4 53. Rf5+ Ke3 54. Kg3 Rg1+ 55. Kh4 Rh1+ 56. Kg5 Rh8 57. Rf6 Rd1 58. f4 Rg1 59. f5 Kf3 60. h6 Rxg4+ 61. Kh5 Rg1 62. Rg6 Rh1+ 63. Kg5 Rg1+ 64. Kf6 Rd1 65. Kg7 Rdd8 66. f6 Rdg8+ 67. Kf7 Rf8+ 68. Kg7 Kf4 69. f7 Kf5 70. Rf6+ Kg5 71. Rg6+ Kh5 72. Rb6 Rd8 73. Rb5+ Kg4 74. h7 Rdf8 75. Re5 Kf4 76. Rb5 Ke4 77. Rb1 Kf4 78. Rf1+ Ke5 79. Re1+ Kd6 80. Re2 Kd5 81. Re3 Kd6 82. Re4 Kd7 83. Rh4 Ke6 84. Rh6+ Ke7 85. Rf6 Rxh7+ 86. Kg6 Rh6+ 0-1


[Site "https://www.chess.com"]

[Event "Titled Tuesday Blitz April 19 Late 2022"]
[White "Timofeev, Artyom"]
[Black "Sernecki, Franciszek"]
[WhiteFideId "4140419"]
[BlackFideId "1169297"]
[WhiteElo "2594"]
[BlackElo "2165"]
[Result "1-0"]
[Round "08"]
[TimeControl "180+1"]
[Date "2022.04.19"]
[WhiteClock "0:01:10"]
[BlackClock "0:00:04"]

1. e4 c6 2. Nf3 d5 3. Nc3 Nf6 4. Qe2 d4 5. Nd1 c5 6. d3 Nc6 7. g3 e5 8. h4 Qa5+ 9. Bd2 Nb4 10. Bxb4 cxb4 11. Nd2 Qc7 12. Rc1 Be7 13. Bh3 O-O 14. Kf1 a5 15. Kg2 b5 16. f3 Bb7 17. Nf2 Ne8 18. Ng4 Kh8 19. Rhf1 f6 20. f4 exf4 21. gxf4 f5 22. Ne5 fxe4 23. Nxe4 Bxh4 24. Qh5 Be7 25. Ng6+ Kg8 26. Be6+ Rf7 27. Ne5 Nd6 28. Bxf7+ Kf8 29. Qxh7 Nxf7 30. Ng6+ Ke8 31. Qg8+ Kd7 32. Qxf7 Re8 33. Qf5+ Kd8 34. Ne5 Bf6 35. Rf2 b3 36. axb3 a4 37. bxa4 bxa4 38. Re1 a3 39. bxa3 Rg8 40. Qe6 Re8 41. Nf7+ Qxf7 42. Qxf7 1-0


[Site "https://www.chess.com"]